 Dungeon Crawl Stone Soup version 0.32-a0-799-g95e1662365 (webtiles) character file.

Game seed: 1180348610486074321

723 pokeman the Thaumaturge (level 7, -2/39 HPs)
             Began as a Deep Elf Hedge Wizard on Mar 21, 2024.
             Succumbed to Eustachio's poison
             ... on level 4 of the Dungeon.
             The game lasted 00:09:49 (5418 turns).

pokeman the Thaumaturge (Deep Elf Hedge Wizard)     Turns: 5418, Time: 00:09:50

Health: -2/39      AC:  3    Str:  7    XL:     7   Next: 43%
Magic:  17/20      EV: 12    Int: 21    God:
Gold:   341        SH:  0    Dex: 14    Spells: 14/22 levels left

rFire   + . .        m - +4 quarterstaff (chaos)
rCold   + . .        (shield currently unavailable)
rNeg    . . .        b - +0 robe
rPois   +            c - +0 hat
rElec   +            n - +0 cloak
rCorr   +            (no gloves)
SInv    .            (no boots)
Will    .....        (no amulet)
Stlth   ++           (no ring)
HPRegen 0.26/turn    (no ring)
MPRegen 0.17/turn

%: no passive effects
@: lethally poisoned (-2 -> -22), resistant
A: no striking features
a: no special abilities


You were on level 4 of the Dungeon.
You visited 1 branch of the dungeon, and saw 4 of its levels.
You also visited: Sewer.

You collected 341 gold pieces.

Inventory:

Hand Weapons
 m - a +4 quarterstaff of chaos (weapon)
Armour
 b - a +0 robe (worn)
 c - a +0 hat (worn)
 n - a +0 cloak (worn)
Wands
 o - a wand of charming (7)
 q - a wand of mindburst (18)
Scrolls
 e - 11 scrolls of teleportation {unknown}
 f - 2 scrolls of identify {unknown}
 k - 2 scrolls of noise
 l - 3 scrolls of blinking {unknown}
 s - 2 scrolls of enchant weapon {unknown}
 t - a scroll of fog {unknown}
 u - a scroll of revelation {unknown}
 w - a scroll of enchant armour {unknown}
Potions
 d - a potion of magic
 g - a potion of brilliance {unknown}
 h - a potion of curing {unknown}
 i - a potion of might {unknown}
 j - a potion of attraction {unknown}
 p - 3 potions of mutation
 r - a potion of cancellation {unknown}
 v - 3 potions of enlightenment


   Skills:
 + Level 1.7 Fighting
 - Level 1.0 Armour
 - Level 3.0 Dodging
 - Level 3.0 Stealth
 * Level 8.3 Spellcasting
 + Level 4.1 Conjurations
 - Level 1.1 Summonings
 - Level 1.1 Translocations
 - Level 2.0 Air Magic
 - Level 2.0 Alchemy
 - Level 1.0 Evocations


You had 14 spell levels left.
You knew the following spells:

 Your Spells              Type           Power      Damage    Failure   Level
a - Magic Dart            Conj           100%       1d8       1%          1
b - Mephitic Cloud        Conj/Alch/Air  20%        N/A       8%          3
c - Call Imp              Summ           26%        N/A       8%          2
d - Blink                 Tloc           26%        N/A       8%          2

Your spell library contained the following spells:

 Spells                   Type           Power      Damage    Failure   Level
 Cigotuvi's Dreadful Rot  Necr/Alch/Air  28%        N/A       7%          2
 Slow                     Hex            32%        N/A       8%          1
 Ensorcelled Hibernation  Hex/Ice        16%        N/A       12%         2
 Call Canine Familiar     Summ           13%        N/A       14%         3
 Fugue of the Fallen      Necr           8%         N/A       24%         3
 Sigil of Binding         Hex            8%         N/A       24%         3
 Dimensional Bullseye     Hex/Tloc       5%         N/A       52%         4
 Anguish                  Hex/Necr       4%         N/A       61%         4


Dungeon Overview and Level Annotations

Branches:
Dungeon (4/15)              Sewer (visited)
 Temple: D:4-7

Altars:
Dithmenos
Makhleb
Zin

Shops:
D:1 *

Annotations:
D:1 Loot behind rock
D:4 Eustachio


Message History

Confirm with . or Enter, or press ? or * to list all spells.
Aiming: Mephitic Cloud (dangerous; 8% risk of failure)
Press: ? - help, Shift-Dir - straight line, f - Eustachio
Aim: Eustachio, wielding a +0 rapier of venom, wearing a +0 leather armour and carrying a wand of flame (chance to affect: 81%)
The ball explodes into a vile cloud!
The stinking cloud engulfs Eustachio.
Eustachio is engulfed in noxious fumes.
Eustachio appears confused.
Unknown command.
Unknown command.
Eustachio is engulfed in noxious fumes.
Eustachio appears confused.
You hit Eustachio. You burn Eustachio.
Eustachio is lightly wounded.
Eustachio hits you with a +0 rapier of venom.
You are poisoned.
You barely miss Eustachio.
Eustachio is lightly wounded.
You feel very sick. Eustachio asks, "Who are you?"
Casting: Mephitic Cloud (dangerous; 8% risk of failure)
Confirm with . or Enter, or press ? or * to list all spells.
Aiming: Magic Dart (safe; 1% risk of failure)
Press: ? - help, Shift-Dir - straight line, f/p - Eustachio
Aim: Eustachio, wielding a +0 rapier of venom, wearing a +0 leather armour and carrying a wand of flame (noxious fumes, lightly wounded, confused, 100% to hit)
The magic dart hits Eustachio.
Eustachio is moderately wounded.
You feel sick.
Eustachio is engulfed in noxious fumes.
Eustachio appears confused.
You hit Eustachio.
Eustachio's magic leaks into the air.
Eustachio is heavily wounded.
You feel sick.
Eustachio hits you with a +0 rapier of venom!
You hit Eustachio.
Eustachio convulses.
Eustachio is heavily wounded.
You feel sick.
Eustachio's magic is no longer disrupted.
Eustachio hits you with a +0 rapier of venom!
* * * LOW HITPOINT WARNING * * *
You are more poisoned.
It was a potion of resistance.
You feel protected.
You die...

###..........#.#...............##
# #..........._.............#....
# ##.........#.#............###..
#####........................####
#....#.......................#
....# ........(...........# ...##
....................# ...##
#......<............#### ....##
#.....@............##..
.....######.....@............#...
##...........☼°....(............#
##..........☼.)..............###
#..........................##
#.......)....#..............#
#..####.......##.............#
..# ##......)#.............# # ..
#.............<.......# #


You could see Eustachio (confused).

Vanquished Creatures
  Grinder (D:3)
  A brain worm (Sewer)
  A howler monkey (D:4)
  2 hounds (D:4)
  Crazy Yiuf (D:2)
  Jessica (D:3)
  Natasha (thrice) (D:2)
  3 gnolls (D:3)
  6 adders
  A river rat (Sewer)
  3 dart slugs
  A ribbon worm (D:4)
  8 orcs (D:3)
  13 ball pythons
  9 endoplasms
  3 giant cockroaches
  7 goblins
  13 hobgoblins
  3 jackals (Sewer)
  5 quokkas
  15 bats
  8 frilled lizards
  4 kobolds
  6 rats
118 creatures vanquished.

Notes
Turn   | Place    | Note
-------+----------+-------------------------------------------
     0 | D:1      | pokeman the Deep Elf Hedge Wizard began the quest for the
                  | Orb.
     0 | D:1      | Reached XP level 1. HP: 10/10 MP: 7/7
   388 | D:1      | Reached XP level 2. HP: 16/16 MP: 1/9
   474 | D:1      | Found Tokok's General Store.
  1030 | D:1      | Reached skill level 5 in Spellcasting
  1255 | D:1      | Reached XP level 3. HP: 18/20 MP: 0/11
  1259 | D:1      | Learned a level 3 spell: Mephitic Cloud
  1262 | D:1      | Learned a level 2 spell: Call Imp
  1265 | D:1      | Learned a level 2 spell: Blink
  1466 | D:2      | Reached skill level 1 in Fighting
  1466 | D:2      | Reached skill level 1 in Armour
  1576 | D:2      | Noticed Natasha
  1588 | D:2      | Killed Natasha
  1589 | D:2      | Reached XP level 4. HP: 21/25 MP: 5/13
  1774 | D:2      | Found a runed translucent door.
  1775 | D:2      | Noticed Crazy Yiuf
  1797 | D:2      | Noticed Natasha
  1810 | D:2      | Killed Natasha
  2146 | D:2      | Noticed Natasha
  2157 | D:2      | Killed Natasha
  2158 | D:2      | Reached skill level 6 in Spellcasting
  2158 | D:2      | Reached XP level 5. HP: 21/29 MP: 1/15
  2778 | D:2      | Killed Crazy Yiuf
  2917 | D:3      | Noticed Grinder
  3166 | D:3      | Paralysed by Grinder for 4 turns
  3181 | D:3      | Paralysed by Grinder for 4 turns
  3213 | D:3      | Killed Grinder
  3214 | D:3      | Reached skill level 7 in Spellcasting
  3214 | D:3      | Reached skill level 1 in Air Magic
  3214 | D:3      | Reached skill level 1 in Alchemy
  3214 | D:3      | Reached XP level 6. HP: 12/34 MP: 6/18
  3424 | D:3      | Noticed Jessica
  3427 | D:3      | Killed Jessica
  3662 | D:3      | Found a burning altar of Makhleb.
  3662 | D:3      | Found a glowing silver altar of Zin.
  4190 | D:4      | Reached XP level 7. HP: 38/38 MP: 20/20
  4228 | D:4      | Reached skill level 1 in Evocations
  4277 | D:4      | Found a glowing drain.
  4283 | Sewer    | Entered a sewer
  4384 | Sewer    | Reached skill level 8 in Spellcasting
  5108 | D:4      | Found a shadowy altar of Dithmenos.
  5407 | D:4      | Noticed Eustachio
  5418 | D:4      | Succumbed to Eustachio's poison

Illustrated notes

Levels and vault maps discovered:
D:1:      ncdulo_wetmaze, layout_basic, serial_shops,
          nicolae_shop_real_fake_doors, due_unseen_surprise
D:2:      layout_loops_corners, kennysheep_generic_room_12, uniq_natasha,
          uniq_crazy_yiuf_cottage
D:3:      layout_loops_cross, grunt_temple_overflow_order_and_chaos_2,
          wander_ebering_terrifying_dragon_lair, uniq_grinder, uniq_jessica
D:4:      layout_layer_cave, lemuel_crystal_altar,
          mainiacjoe_sewer_entry_somewhere_in_here_1, uniq_eustachio

Skill      XL: |  1  2  3  4  5  6  7 |
---------------+----------------------+-----
Spellcasting   | 5 6 7 8 |  8.3
Fighting       | 1 |  1.7
Armour         | 1 |  1.0
Conjurations   | 2 3 4 |  4.1
Stealth        | 3 |  3.0
Dodging        | 3 |  3.0
Air Magic      | 1 2 |  2.0
Alchemy        | 1 2 |  2.0
Evocations     | 1 |  1.0
Summonings     | |  1.1
Translocations | |  1.1

Action                     |  1- 3 |  4- 6 |  7- 9 || total
---------------------------+-------+-------+-------++-------
  Melee: Dagger            |    20 |     7 |       ||    27
         Quarterstaff      |       |     7 |    40 ||    47
   Cast: Magic Dart        |    94 |   125 |    49 ||   268
         Mephitic Cloud    |     2 |     3 |     3 ||     8
         Call Imp          |       |     4 |       ||     4
    Use: Potion            |       |       |     1 ||     1
   Stab: Sleeping          |     1 |       |     1 ||     2
         Confused          |       |     2 |     1 ||     3
 Armour: Robe              |    12 |    17 |    30 ||    59
  Dodge: Dodged            |    21 |    17 |    35 ||    73

Table legend: (Time is in decaauts)
 A = Elapsed time spent in this place.
 B = Non-inter-level travel time spent in this place.
 C = Inter-level travel time spent in this place.
 D = Time resting spent in this place.
 E = Time spent auto-exploring this place.
 F = Levels seen in this place.
 G = Mean time per level.
                   A        B        C        D        E       F      G
               +--------+--------+--------+--------+--------+-----+--------+
         Total |   5619 |   5532 |     87 |    111 |   4620 |   5 | 1123.8 |
       Dungeon |   4695 |   4608 |     87 |    111 |   3815 |   4 | 1173.8 |
         Sewer |    924 |    924 |      0 |      0 |    804 |   1 |  924.0 |
               +--------+--------+--------+--------+--------+-----+--------+

Top non-repeatable levels by time:
     D:2: 1503 daAuts
     D:1: 1431 daAuts
     D:3: 1239 daAuts
   Sewer: 924 daAuts
     D:4: 520 daAuts
